 Dungeon Crawl Stone Soup version 0.26.0-45-g9c1d065592 (webtiles) character file.

Game seed: 5051704585759043893

133 Hellfordprime the Grave Robber (level 5, -4/36 HPs)
             Began as a Human Necromancer on Jan 28, 2021.
             Slain by an ogre
             ... wielding a +0 giant club
              (11 damage)
             ... on level 4 of the Dungeon.
             The game lasted 00:27:27 (3437 turns).

Hellfordprime the Grave Robber (Human Necromancer)  Turns: 3437, Time: 00:27:27

Health: -4/36      AC:  7    Str: 14    XL:     5   Next: 39%
Magic:  8/8        EV: 12    Int: 17    God:
Gold:   221        SH:  0    Dex: 13    Spells: 3/9 levels left

rFire    . . .     SeeInvis .   x - +1 rapier (drain)
rCold    . . .     Faith    .   (no shield)
rNeg     . . .     Spirit   .   C - +2 robe {Will+}
rPois    .         Reflect  .   E - +0 helmet
rElec    .         Harm     .   (no cloak)
rCorr    .         Rampage  .   s - +0 pair of gloves
Will     +....                  B - +0 pair of boots
Stlth    ++........             (no amulet)
HPRegen  0.12/turn              u - +6 ring of strength
MPRegen  0.11/turn              (no ring)

@: about to teleport
A: no striking features
a: no special abilities


You were on level 4 of the Dungeon.
You visited 1 branch of the dungeon, and saw 4 of its levels.

You collected 221 gold pieces.

Inventory:

Hand Weapons
 d - a +1 dagger of venom
 j - a +0 short sword
 p - a +0 hunting sling
 x - a +1 rapier of draining (weapon)
 z - a +0 war axe
 F - a +0 short sword
Missiles
 b - 94 arrows
 e - 4 boomerangs
 f - 154 stones
 q - 38 poisoned darts
Armour
 a - a +0 robe
 i - a +0 robe
 k - a +0 leather armour
 n - a +1 ring mail
 o - a +0 ring mail
 r - a +0 leather armour
 s - a +0 pair of gloves (worn)
 w - a +0 robe
 B - a +0 pair of boots (worn)
 C - a +2 robe of willpower (worn)
 E - a +0 helmet (worn)
 K - a +0 chain mail
 L - a +0 chain mail
Jewellery
 u - a +6 ring of strength (left hand)
 A - an uncursed ring of fire {unknown}
Scrolls
 g - 2 scrolls of teleportation
 m - a scroll of amnesia {unknown}
 y - a scroll of fog
 G - a scroll of fear {unknown}
 I - a scroll of identify
 M - a scroll of enchant weapon {unknown}
Potions
 c - 2 potions of brilliance {unknown}
 h - a potion of mutation {unknown}
 l - a potion of ambrosia {unknown}
 t - 2 potions of curing {unknown}
 v - a potion of flight {unknown}
 D - a potion of lignification {unknown}
 H - a potion of invisibility {unknown}
 J - a potion of resistance {unknown}


   Skills:
 + Level 0.7 Fighting
 + Level 2.0(2.1) Short Blades
 + Level 0.7(1.5) Long Blades
 + Level 1.1 Armour
 + Level 2.3 Dodging
 + Level 2.4 Stealth
 * Level 2.5 Spellcasting
 * Level 4.7 Necromancy


You had 3 spell levels left.
You knew the following spells:

 Your Spells              Type           Power        Failure   Level
a - Pain                  Necr           72%          2%          1
b - Animate Dead          Necr           9%           26%         4
c - Animate Skeleton      Necr           36%          2%          1

Your spell library contained the following spells:

 Spells                   Type           Power        Failure   Level
 Vampiric Draining        Necr           9%           8%          3
 Agony                    Necr           18%          58%         5


Dungeon Overview and Level Annotations

Branches:
Dungeon (4/15)
 Temple: D:4-7

Altars:


Message History

Okay, then.
A frilled lizard comes into view.
The frilled lizard hisses angrily.
An ogre comes into view. It is wielding a +0 giant club.
Found a stone staircase leading down.
The frilled lizard bites you but does no damage.
You closely miss the frilled lizard. The frilled lizard barely misses you.
You completely miss the frilled lizard. The frilled lizard closely misses you.
You miss the frilled lizard. The frilled lizard closely misses you.
The frilled lizard barely misses you.
You puncture the frilled lizard!
You kill the frilled lizard!
The ogre hits you with a +0 giant club!!
Ouch! That really hurt!
* * * LOW HITPOINT WARNING * * *
As you read the scroll of teleportation, it crumbles to dust.
You feel strangely unstable.
A jackal comes into view.
The ogre hits you with a +0 giant club!
You die...

... .> ##.h ####..
#..... #....#
#..O.# #...@#
#####....#
#........#
#........#
###........#
#.'........#
#.#........#######
#.#..............#
#.######.........#


You could see an ogre and a jackal (wandering).

Vanquished Creatures
  Jessica (D:3)
  A hound skeleton (D:4)
  3 adders
  A worm (D:2)
  2 leopard geckos
  5 giant cockroaches
  10 goblins
  4 hobgoblins
  4 jackals
  6 kobolds
  3 quokkas
  11 bats
  2 frilled lizards
  9 rats
62 creatures vanquished.

Notes
Turn   | Place    | Note
-------+----------+-------------------------------------------
     0 | D:1      | Hellfordprime the Human Necromancer began the quest for the
                  | Orb.
     0 | D:1      | Reached XP level 1. HP: 13/13 MP: 3/3
    54 | D:1      | Reached XP level 2. HP: 10/19 MP: 1/5
  1072 | D:1      | Reached XP level 3. HP: 15/24 MP: 6/6
  1744 | D:2      | Reached skill level 1 in Short Blades
  1998 | D:2      | Reached XP level 4. HP: 24/31 MP: 7/7
  2008 | D:2      | Learned a level 4 spell: Animate Dead
  2025 | D:2      | Learned a level 1 spell: Animate Skeleton
  2604 | D:3      | Noticed Jessica
  2621 | D:3      | Killed Jessica
  2678 | D:3      | Reached skill level 1 in Armour
  2794 | D:3      | Reached XP level 5. HP: 36/36 MP: 8/8
  2909 | D:3      | Found a glowing drain.
  3430 | D:4      | Noticed an ogre
  3437 | D:4      | Slain by an ogre

Illustrated notes

Levels and vault maps discovered:
D:1:      dpeg_arrival_boxorama, layout_basic
D:2:      layout_loops_ring, minmay_misc_feat_hallway, hex_large,
          kennysheep_nondescript, serial_bayou_pond_a, grunt_ministairs_8
D:3:      minmay_inner_zag, layout_rooms, portal_sewer_entry_f, uniq_jessica
D:4:      layout_basic, serial_shops, nicolae_shop_statue_plus, minmay_rat_hole,
          uniq_menkaure

Skill      XL: |  1  2  3  4  5 |
---------------+----------------+-----
Short Blades   | 1 2 |  2.0
Armour         | 1 |  1.1
Fighting       | |  0.7
Long Blades    | |  0.7
Dodging        | |  2.3
Stealth        | |  2.4
Spellcasting   | |  2.5
Necromancy     | |  4.7

Action                   |  1- 3 |  4- 6 || total
-------------------------+-------+-------++-------
Melee: Dagger            |    82 |       ||    82
       Rapier            |     8 |    71 ||    79
 Cast: Pain              |     7 |     2 ||     9
       Animate Skeleton  |       |     1 ||     1
  Use: Scroll            |     6 |     2 ||     8
 Stab: Sleeping          |     1 |     3 ||     4
Armor: Robe              |     9 |    52 ||    61
       Ring mail         |    49 |    11 ||    60
Dodge: Dodged            |    81 |   101 ||   182
